[Event "65th Superfinal RUS-ch Women"]
[Site "Chita"]
[Date "2015.08.09"]
[Round "1"]
[White "Lagno, Kateryna"]
[Black "Kovalevskaya, Ekaterina"]
[Result "1/2-1/2"]
[ECO "B32"]
[WhiteElo "2530"]
[BlackElo "2453"]
[Annotator "Robot 8"]
[PlyCount "36"]
[EventDate "2015.??.??"]
[EventCountry "RUS"]
[TimeControl "40/5400+30:1800+30"]

1. e4 c5 2. Nf3 Nc6 3. d4 cxd4 4. Nxd4 e5 5. Nb5 d6 6. c4 Be7 7. N1c3 a6 8. Na3
Nf6 9. Nc2 O-O 10. Be2 Be6 11. O-O Rc8 12. Be3 h6 13. Qd2 Nxe4 14. Nxe4 f5 15.
f3 fxe4 16. fxe4 Qc7 17. Bxh6 gxh6 18. Qxh6 Qd7 1/2-1/2

[Event "65th Superfinal RUS-ch Women"]
[Site "Chita"]
[Date "2015.08.09"]
[Round "1"]
[White "Savina, Anastasia"]
[Black "Guseva, Marina"]
[Result "1/2-1/2"]
[ECO "A11"]
[WhiteElo "2429"]
[BlackElo "2431"]
[Annotator "Robot 8"]
[PlyCount "102"]
[EventDate "2015.??.??"]
[EventCountry "RUS"]
[TimeControl "40/5400+30:1800+30"]

1. Nf3 d5 2. c4 c6 3. e3 Nf6 4. Nc3 e6 5. Qc2 Nbd7 6. b3 b6 7. Bb2 Bb7 8. d4
Bd6 9. Bd3 O-O 10. O-O c5 11. cxd5 exd5 12. Rad1 Qe7 13. Bf5 Rad8 14. Rfe1 Rfe8
15. Nb5 Bb8 16. dxc5 bxc5 17. Ba3 g6 18. Bh3 Ne4 19. Nc3 Ndf6 20. Bb2 Qc7 21.
Nxe4 Nxe4 22. g3 Bc8 23. Bxc8 Qxc8 24. Ba1 Qf5 25. Kg2 Rc8 26. Qb2 f6 27. Qe2
Qe6 28. h4 Bc7 29. h5 g5 30. Nh2 Ba5 31. Rf1 Bc3 32. Qg4 Bxa1 33. Qxe6+ Rxe6
34. Rxa1 c4 35. bxc4 dxc4 36. Nf3 c3 37. Rac1 Rb6 38. Rc2 Rb2 39. Rfc1 Rcb8 40.
Nd4 Rxc2 41. Rxc2 Rb2 42. g4 Rxc2 43. Nxc2 Kf7 44. Kf3 Nc5 45. Ke2 Ke6 46. f3
Kd5 47. e4+ Kc4 48. Ne3+ Kd4 49. Nc2+ Kc4 50. Ne3+ Kd4 51. Nc2+ Kc4 1/2-1/2

[Event "65th Superfinal RUS-ch Women"]
[Site "Chita"]
[Date "2015.08.09"]
[Round "1"]
[White "Kashlinskaya, Alina"]
[Black "Pogonina, Natalija"]
[Result "0-1"]
[ECO "D35"]
[WhiteElo "2441"]
[BlackElo "2460"]
[Annotator "Robot 8"]
[PlyCount "114"]
[EventDate "2015.??.??"]
[EventCountry "RUS"]
[TimeControl "40/5400+30:1800+30"]

1. d4 Nf6 2. c4 e6 3. Nc3 d5 4. cxd5 exd5 5. Bg5 c6 6. e3 Bf5 7. Qf3 Bg6 8.
Bxf6 Qxf6 9. Qxf6 gxf6 10. h4 h6 11. Kd2 Nd7 12. h5 Bh7 13. Bd3 Bxd3 14. Kxd3
Rg8 15. g3 f5 16. Nf3 Nf6 17. Ne2 a5 18. Raf1 Ne4 19. Nh4 Nd6 20. Nf4 a4 21.
Kc2 Be7 22. Nd3 Bxh4 23. Rxh4 Ke7 24. Rf4 Rg5 25. Rh1 Ne4 26. Ne5 Nd6 27. g4
fxg4 28. Nxg4 f5 29. Ne5 Rg2 30. Ng6+ Kf6 31. a3 Re8 32. Rh3 Re4 33. Rff3 Reg4
34. Nf4 Rg1 35. Ne2 Re1 36. Ng3 Kg5 37. Kd2 Ra1 38. Ne2 Ne4+ 39. Kc2 Rg2 40.
Rf4 Rxf2 41. Rxf2 Nxf2 42. Rg3+ Ng4 43. Nc1 Kxh5 44. b3 axb3+ 45. Kb2 Rxc1 46.
Kxc1 Kg5 47. Kd2 h5 48. Rg1 h4 49. Ke2 h3 50. Rb1 h2 51. Kf3 b2 52. a4 Kh4 53.
Kg2 Nxe3+ 54. Kxh2 Nc4 55. Kg2 Kg4 56. Kf2 Kf4 57. Ke2 Ke4 0-1

[Event "65th Superfinal RUS-ch Women"]
[Site "Chita"]
[Date "2015.08.09"]
[Round "1"]
[White "Girya, Olga"]
[Black "Ovod, Evgenija"]
[Result "1-0"]
[ECO "D41"]
[WhiteElo "2487"]
[BlackElo "2327"]
[Annotator "Robot 8"]
[PlyCount "113"]
[EventDate "2015.??.??"]
[EventCountry "RUS"]
[TimeControl "40/5400+30:1800+30"]

1. d4 d5 2. c4 e6 3. Nf3 Nf6 4. Nc3 c5 5. cxd5 Nxd5 6. e4 Nxc3 7. bxc3 cxd4 8.
cxd4 Bb4+ 9. Bd2 Bxd2+ 10. Qxd2 O-O 11. Rc1 b6 12. Bd3 Bb7 13. O-O Nc6 14. Bb1
Rc8 15. Rfd1 Qd6 16. Qe3 Rfd8 17. e5 Qe7 18. Ng5 h6 19. Ne4 Nb4 20. Nd6 Rxc1
21. Rxc1 Ba8 22. Qd2 Nd5 23. Be4 f5 24. Bf3 Kh7 25. Rc4 Kg6 26. a3 Qg5 27.
Qxg5+ hxg5 28. Rc8 Rxc8 29. Nxc8 g4 30. Bxd5 Bxd5 31. Nxa7 Bc4 32. Nc8 b5 33.
f4 gxf3 34. gxf3 f4 35. Nd6 Bd5 36. Nxb5 Bxf3 37. a4 Bc6 38. Kf2 Kh5 39. Nc3 g5
40. a5 Kg4 41. d5 exd5 42. Ne2 Kh5 43. a6 d4 44. Nxd4 Ba8 45. Ne6 Kg6 46. a7
Bb7 47. h3 Kf5 48. Nc7 Kxe5 49. a8=Q Bxa8 50. Nxa8 Ke4 51. Nb6 f3 52. Nd7 Kf4
53. Nf6 Kf5 54. Ng4 Kf4 55. Nh2 Ke4 56. Nxf3 Kf4 57. Nh2 1-0

[Event "65th Superfinal RUS-ch Women"]
[Site "Chita"]
[Date "2015.08.09"]
[Round "1"]
[White "Gunina, Valentina"]
[Black "Goryachkina, Aleksandra"]
[Result "0-1"]
[ECO "A30"]
[WhiteElo "2531"]
[BlackElo "2474"]
[Annotator "Robot 8"]
[PlyCount "77"]
[EventDate "2015.??.??"]
[EventCountry "RUS"]
[TimeControl "40/5400+30:1800+30"]

1. Nf3 Nf6 2. c4 e6 3. e3 c5 4. b3 b6 5. Bb2 Bb7 6. Be2 Be7 7. O-O O-O 8. d4
cxd4 9. Nxd4 a6 10. Nc3 Qc7 11. Rc1 d6 12. Bd3 Nbd7 13. Bb1 Rac8 14. Qe1 Qb8
15. f4 Rfe8 16. Qg3 Bf8 17. a4 Qa8 18. Nf3 h6 19. Rcd1 Red8 20. Nd2 Nc5 21. a5
bxa5 22. Na4 Nfe4 23. Nxe4 Nxe4 24. Qg4 Rc7 25. f5 e5 26. f6 Qc8 27. Qh5 Qe6
28. Bxe4 Bxe4 29. Qh4 Bc2 30. Rd2 Bxb3 31. Nb6 Rb8 32. Nd5 Rxc4 33. e4 g5 34.
Qe1 Ra4 35. Bc3 Bxd5 36. Rxd5 Qg4 37. h3 Qxe4 38. Qd2 Rc8 39. Rd3 0-1

[Event "65th Superfinal RUS-ch Women"]
[Site "Chita"]
[Date "2015.08.09"]
[Round "1"]
[White "Kosteniuk, Alexandra"]
[Black "Bodnaruk, Anastasia"]
[Result "1/2-1/2"]
[ECO "D00"]
[WhiteElo "2526"]
[BlackElo "2431"]
[Annotator "Robot 8"]
[PlyCount "139"]
[EventDate "2015.??.??"]
[EventCountry "RUS"]
[TimeControl "40/5400+30:1800+30"]

1. d4 Nf6 2. Nc3 d5 3. Bf4 e6 4. e3 Bd6 5. Bd3 O-O 6. Nf3 c5 7. dxc5 Bxc5 8.
O-O Nc6 9. a3 Bd6 10. Bg5 h6 11. Bh4 a6 12. Re1 Be7 13. Nd4 Ne4 14. Bxe7 Nxc3
15. Bxd8 Nxd1 16. Nxc6 bxc6 17. Rexd1 Rxd8 18. c4 a5 19. cxd5 exd5 20. Rac1 Bd7
21. Rd2 Rdb8 22. e4 Rb6 23. Rc5 Be6 24. f3 a4 25. Rdc2 Rb3 26. Rd2 Rb6 27. exd5
Bxd5 28. Bc4 Bxc4 29. Rxc4 Rab8 30. Rcc2 Re8 31. Kf2 Re5 32. Re2 Rd5 33. Re8+
Kh7 34. Ke1 f5 35. Re6 Rdb5 36. Ree2 Kg6 37. Kd1 Kf6 38. Kc1 Rd5 39. Rc4 Ra6
40. Rec2 Rd6 41. Rd2 Ke6 42. Re2+ Kd7 43. Rc5 g6 44. Rce5 Rf6 45. f4 Ra8 46.
Re7+ Kd6 47. Rg7 Kc5 48. Rd7 g5 49. Rc2+ Kb6 50. Rc4 Re6 51. Rb4+ Kc5 52. Rf7
Re1+ 53. Kd2 Rg1 54. Rxf5+ Kd6 55. g3 Rg2+ 56. Kc3 gxf4 57. Rfxf4 Rxh2 58. Rf6+
Kc7 59. Rc4 Ra6 60. Rh4 Rg2 61. Rf7+ Kb6 62. Rg7 Ra5 63. Rb4+ Rb5 64. Rxa4
Rbxb2 65. Rb4+ Rxb4 66. Kxb4 Rb2+ 67. Kc4 Ra2 68. Kb3 Rg2 69. a4 Re2 70. Rg6
1/2-1/2

[Event "65th Superfinal RUS-ch Women"]
[Site "Chita"]
[Date "2015.08.10"]
[Round "2"]
[White "Pogonina, Natalija"]
[Black "Savina, Anastasia"]
[Result "0-1"]
[ECO "E71"]
[WhiteElo "2460"]
[BlackElo "2429"]
[Annotator "Robot 11"]
[PlyCount "98"]
[EventDate "2015.??.??"]
[EventCountry "RUS"]
[TimeControl "40/5400+30:1800+30"]

1. d4 Nf6 2. c4 g6 3. Nc3 Bg7 4. e4 d6 5. h3 O-O 6. Be3 e5 7. d5 Na6 8. Nf3 Nh5 9. Nd2 Qe8 10. Be2 Nf4 11. Bxf4 exf4 12. O-O Nc5 13. Qc2 a5 14. Rfe1 Qe7 15. Bf1 Nd7 16. Nf3 Ne5 17. Be2 h5 18. Rad1 Nxf3+ 19. Bxf3 Be5 20. Nb5 Kg7 21. Rd3 Rh8 22. Nd4 Bd7 23. Be2 b6 24. b3 Rae8 25.
a3 Qf6 26. Red1 g5 27. Nf5+ Bxf5 28. exf5 Qxf5 29. R3d2 Qxc2 30.
Rxc2 f5 31. b4 axb4 32. axb4 g4 33. c5 bxc5 34. bxc5 dxc5 35. Rxc5 Bd6 36. Rc2 f3 37. Bb5 Rb8 38. Bd3 Kf6 39. Re1 gxh3 40. gxf3 Rhg8+ 41. Kh1 Rg2 42. f4 Bxf4 43. Rc6+ Kf7 44. Bxf5 Rh2+ 45. Kg1 Rg8+ 46. Kf1 Rh1+ 47. Ke2 Rxe1+ 48. Kxe1 Rg1+ 49. Ke2 h2 0-1

[Event "65th Superfinal RUS-ch Women"]
[Site "Chita"]
[Date "2015.08.10"]
[Round "2"]
[White "Goryachkina, Aleksandra"]
[Black "Kovalevskaya, Ekaterina"]
[Result "1-0"]
[ECO "B30"]
[WhiteElo "2474"]
[BlackElo "2453"]
[Annotator "Robot 11"]
[PlyCount "69"]
[EventDate "2015.??.??"]
[EventCountry "RUS"]
[TimeControl "40/5400+30:1800+30"]

1. e4 c5 2. Nf3 Nc6 3. Bb5 d6 4. O-O Bd7 5. Re1 Nf6 6. h3 e5 7. c3 Be7 8. d4 O-O 9. d5 Nb8 10. Bd3 b5 11. a4 bxa4 12. Nbd2 Ne8 13. Nc4 Kh8 14. Bc2 f5 15.
exf5 Bxf5 16. Bxa4 e4 17. Nfd2 Nf6 18. Nf1 Bg6 19. Ng3 Na6 20. Bc6 Nc7 21. Ne3 Rc8 22. Rxa7 Rf7 23. Nef5 Bxf5 24. Nxf5 Bf8 25. Ng3 Re7 26. Ra4 Re5 27. Bf4 Rxd5 28. Bxd5 Ncxd5 29. Bg5 e3 30. Bxe3 Qd7 31. Qa1 Nb6 32. Ra7 Qb5 33. Rb7 Nfd5 34. Bc1 Qd3 35.
Qa7 1-0

[Event "65th Superfinal RUS-ch Women"]
[Site "Chita"]
[Date "2015.08.10"]
[Round "2"]
[White "Gunina, Valentina"]
[Black "Kashlinskaya, Alina"]
[Result "1-0"]
[ECO "A29"]
[WhiteElo "2531"]
[BlackElo "2441"]
[Annotator "Robot 11"]
[PlyCount "65"]
[EventDate "2015.??.??"]
[EventCountry "RUS"]
[TimeControl "40/5400+30:1800+30"]

1. c4 e5 2. Nc3 Nf6 3. Nf3 Nc6 4. g3 d5 5. cxd5 Nxd5 6. Bg2 Nb6 7. O-O Be7 8. d3 O-O 9. a3 Be6 10. b4 Nd4 11. Rb1 Nd5 12. Bb2 Nxc3 13.
Bxc3 f6 14. Bxd4 exd4 15. Qc1 Rc8 16. Qf4 c5 17. bxc5 Bxc5 18.
Rxb7 Bd5 19. Rbb1 Bxf3 20. Bxf3 Bxa3 21. Rb7 Bc5 22. Qf5 g6 23.
Qe6+ Kh8 24. Rc1 Qd6 25. Qc4 f5 26. Kg2 a6 27. h4 Rf6 28. Qa4 Rff8 29. Rd7 Qb6 30. Qc4 Qb5 31. Qd5 Qb6 32. Qe5+ Rf6 33. Rxc5 1-0

[Event "65th Superfinal RUS-ch Women"]
[Site "Chita"]
[Date "2015.08.10"]
[Round "2"]
[White "Bodnaruk, Anastasia"]
[Black "Lagno, Kateryna"]
[Result "1/2-1/2"]
[ECO "C92"]
[WhiteElo "2431"]
[BlackElo "2530"]
[Annotator "Robot 11"]
[PlyCount "107"]
[EventDate "2015.??.??"]
[EventCountry "RUS"]
[TimeControl "40/5400+30:1800+30"]

1. e4 e5 2. Nf3 Nc6 3. Bb5 a6 4. Ba4 Nf6 5. O-O Be7 6. Re1 b5 7. Bb3 d6 8. c3 O-O 9. h3 Re8 10. Ng5 Rf8 11. Nf3 Bb7 12. d4 Re8 13. Nbd2 exd4 14. cxd4 Nd7 15. Nf1 Na5 16. Bc2 Bf6 17. Bf4 Nf8 18. b3 c5 19. Ng3 Ne6 20. Be3 cxd4 21. Nxd4 Nc6 22. Nxc6 Bxc6 23. Rc1 Bb2 24. Rb1 Bc3 25. Rf1 d5 26. exd5 Qxd5 27. Be4 Qxd1 28. Rfxd1 Bxe4 29. Nxe4 Be5 30. a4 Red8 31. Bb6 Rxd1+ 32. Rxd1 Rc8 33. a5 g6 34. g3 f5 35. Rd5 Bg7 36. Nc5 Nxc5 37. Bxc5 Bf6 38. Be3 Bc3 39. Rd6 Bxa5 40. Rxa6 Bc3 41. Kf1 Rd8 42. Ke2 Rd7 43. h4 Kf7 44. h5 gxh5 45.
Rh6 Bg7 46. Rxh5 Kg6 47. Rg5+ Kf6 48. g4 fxg4 49. Rxb5 Bf8 50. Kf1 Rd3 51. Ke2 Rd7 52. Kf1 Rd3 53. Ke2 Rd7 54. Kf1 1/2-1/2

[Event "65th Superfinal RUS-ch Women"]
[Site "Chita"]
[Date "2015.08.10"]
[Round "2"]
[White "Guseva, Marina"]
[Black "Girya, Olga"]
[Result "0-1"]
[ECO "E32"]
[WhiteElo "2431"]
[BlackElo "2487"]
[Annotator "Robot 11"]
[PlyCount "102"]
[EventDate "2015.??.??"]
[EventCountry "RUS"]
[TimeControl "40/5400+30:1800+30"]

1. d4 Nf6 2. c4 e6 3. Nc3 Bb4 4. Qc2 O-O 5. a3 Bxc3+ 6. Qxc3 b6 7. Bg5 Bb7 8. e3 d6 9. Ne2 Nbd7 10. Qc2 c5 11. Rd1 h6 12. Bh4 Qe7 13.
dxc5 bxc5 14. Nc3 Rfd8 15. f3 d5 16. Be2 Ne5 17. cxd5 exd5 18. O-O d4 19. Ne4 Bxe4 20. fxe4 dxe3 21. Bxf6 gxf6 22. Qc3 Rxd1 23. Bxd1 Rd8 24. Qxe3 Qd6 25. Bh5 Kg7 26. Qg3+ Kf8 27. Qf4 Ke7 28. Qxh6 Qd4+ 29. Kh1 Rd6 30. b3 Qxe4 31. Qc1 Qd4 32. h3 a5 33. Rf4 Qd5 34. Qe3 Rb6 35. Rf3 Qd4 36. Qe1 a4 37. bxa4 c4 38.
Re3 Rb3 39. Re4 Qc5 40. Qd1 Rxa3 41. Bg4 Rd3 42. Qc2 Qd5 43. Bf5 Kf8 44. Qf2 Rd2 45. Qg3 Rd3 46. Re3 Rd1+ 47. Kh2 Qd4 48. Bc2 Rc1 49. Bh7 c3 50. Re1 Nf3+ 51. Qxf3 Rxe1 0-1

[Event "65th Superfinal RUS-ch Women"]
[Site "Chita"]
[Date "2015.08.10"]
[Round "2"]
[White "Ovod, Evgenija"]
[Black "Kosteniuk, Alexandra"]
[Result "1/2-1/2"]
[ECO "A46"]
[WhiteElo "2327"]
[BlackElo "2526"]
[Annotator "Robot 11"]
[PlyCount "52"]
[EventDate "2015.??.??"]
[EventCountry "RUS"]
[TimeControl "40/5400+30:1800+30"]

1. d4 Nf6 2. Nf3 e6 3. e3 d5 4. c4 Be7 5. b3 O-O 6. Bb2 b6 7. cxd5 exd5 8.
Nc3 c6 9. Ne5 Nfd7 10. Nd3 Bd6 11. Be2 Qh4 12. Bf3 Nf6 13. Rc1 Re8 14. g3 Qh3 15. Ne2 Ne4 16. Nef4 Qh6 17. O-O Bf5 18. Bg2 g5 19. Ne2 Nf6 20. f3 Re6 21. Ne5 Nbd7 22. Rxc6 Rae8 23. Qa1 Nb8 24. Rcc1 Nbd7 25. Rc6 Nb8 26. Rcc1 Nbd7 1/2-1/2